 Dungeon Crawl Stone Soup version 0.23.2-33-g5129a83184 (webtiles) character file.

Game seed: 14030489253229133789

32 psyvane the Magician (level 3, -5/19 HPs)
             Began as a Deep Elf Wizard on July 14, 2019.
             Killed by nerve-wracking pain
             ... invoked by Grinder
              (14 damage)
             ... on level 3 of the Dungeon.
             The game lasted 00:07:17 (2017 turns).

psyvane the Magician (Deep Elf Wizard)              Turns: 2017, Time: 00:07:18

Health: -5/19      AC:  5    Str:  4    XL:     3   Next: 10%
Magic:  2/10       EV: 14    Int: 22    God:
Gold:   114        SH:  0    Dex: 14    Spells: 0/10 levels left

rFire    . . .     SeeInvis .   (no weapon)
rCold    . . .     Gourm    .   (no shield)
rNeg     . . .     Faith    +   a - +0 robe
rPois    .         Spirit   .   b - +0 hat
rElec    .         Reflect  .   (no cloak)
rCorr    .         Harm     .   q - +1 pair of gloves
MR       .....                  m - +0 pair of boots
Stlth    ++........             o - amulet of faith
HPRegen  0.06/turn              (no ring)
MPRegen  0.12/turn              (no ring)

@: very slightly contaminated
A: no striking features
a: no special abilities


You were on level 3 of the Dungeon.
You were not hungry.

You visited 1 branch of the dungeon, and saw 3 of its levels.

You collected 114 gold pieces.

Inventory:

Armour
 a - a +0 robe (worn)
 b - a +0 hat (worn)
 m - a +0 pair of boots (worn)
 q - a +1 pair of gloves (worn)
Jewellery
 o - an amulet of faith (around neck)
Scrolls
 c - 2 scrolls of magic mapping
 f - a scroll of immolation
 g - a scroll of noise {unknown}
 h - 2 scrolls of remove curse
 i - a scroll of teleportation {unknown}
 j - a scroll of fear {unknown}
 p - a scroll of fog {unknown}
Potions
 e - a potion of curing {unknown}
 k - a potion of lignification
 l - a potion of flight
Comestibles
 d - 3 rations


   Skills:
 - Level 3.9 Dodging
 - Level 2.4 Stealth
 - Level 4.4 Spellcasting
 * Level 2.0 Conjurations
 - Level 1.1 Summonings
 - Level 1.1 Translocations


You couldn't memorise any spells.
You knew the following spells:

 Your Spells              Type           Power        Failure   Level  Hunger
a - Magic Dart            Conj           ##..         4%          1    None
b - Blink                 Tloc           N/A          11%         2    #......
c - Call Imp              Summ           #.......     11%         2    #......
d - Slow                  Hex            #.......     16%         2    #......
e - Mephitic Cloud        Conj/Pois/Air  #.......     24%         3    ##.....

Your spell library contained the following spells:

 Spells                   Type           Power        Failure   Level  Hunger
 Conjure Flame            Conj/Fire      #.......     22%         3    ##.....


Dungeon Overview and Level Annotations

Branches:
Dungeon (3/15)

Altars:

Annotations:
D:3 1 transporter, Grinder


Message History

Casting: Slow (safe; 16% risk of failure)
Confirm with . or Enter, or press ? or * to list all spells.
You blink.
Grinder gestures at you. Pain shoots through your body!
An orc comes into view. It is wielding a +0 club.
Grinder gestures at you.
You suddenly lose the ability to move!
Grinder says, "Mostly I couldn't keep them alive."
Grinder gestures at you.
You shrug off the repeated paralysis!
You can move again.
You open the door.
There is an open door here.
Grinder gestures at you. Pain shoots through your body!
Grinder gestures at you. Pain shoots through your body!
Ouch! That really hurt!
You die...

.# #.#..≈≈.# #.##.#.# .#
##. #.##.≈≈.# #.##.#.# #.#
# # .g#.≈≈.###....#.# ..#
##
.##.≈≈.##...#.#.#######..
#.#..≈≈......5o..........#
+.#©.≈≈.##...#.#.###.##...
#.#..≈≈......#.#.# #.##...
.##.≈≈......#.#.###.##...
g.#.≈≈..@...#.#.....5.§5o
+.##.≈≈......#.......####.
#.#..≈≈..<.###.####.#. #.
.###≈≈.#### #.# #. . #o
...#≈≈.# #. .# #. #.##≈≈.
#. .# #. #. #≈≈. #. .# ##
#≈≈. ≈≈≈≈.


You could see Grinder, a gnoll and an orc.

Vanquished Creatures
  3 leopard geckos
  2 giant cockroaches (D:1)
  2 goblins (D:1)
  4 hobgoblins
  3 kobolds
  8 bats
  3 frilled lizards (D:2)
  4 rats
29 creatures vanquished.

Vanquished Creatures (others)
  A plant (D:3)
1 creature vanquished.

Grand Total: 30 creatures vanquished

Notes
Turn   | Place    | Note
-------+----------+-------------------------------------------
     0 | D:1      | psyvane the Deep Elf Wizard began the quest for the Orb.
     0 | D:1      | Reached XP level 1. HP: 10/10 MP: 7/7
   289 | D:1      | Reached XP level 2. HP: 14/15 MP: 0/9
   293 | D:1      | Learned a level 2 spell: Blink
   296 | D:1      | Learned a level 2 spell: Call Imp
   299 | D:1      | Learned a level 2 spell: Slow
  1421 | D:2      | Reached XP level 3. HP: 19/19 MP: 2/10
  1637 | D:2      | Learned a level 3 spell: Mephitic Cloud
  1864 | D:3      | Found a transporter.
  1989 | D:3      | Noticed Grinder
  2007 | D:3      | Paralysed by Grinder for 4 turns
  2017 | D:3      | Killed from afar by Grinder

Skill      XL: |  1  2  3 |
---------------+----------+-----
Dodging        | 3 |  3.9
Conjurations   | 2 |  2.0
Stealth        | |  2.4
Spellcasting   | |  4.4
Summonings     | |  1.1
Translocations | |  1.1

Action                   || total
-------------------------++-------
Melee: Unarmed           ||     7
 Cast: Magic Dart        ||    67
       Slow              ||     3
       Blink             ||     1
  Use: Scroll            ||     6
  Eat: Chunk             ||     3
Dodge: Dodged            ||    12
